Map: Proxima Station LE

Players

Neuro

  • Race: Zerg Zerg
  • Spawn Location: 1:00

Nistic - Winner!

  • Race: Zerg Zerg
  • Spawn Location: 7:00

Event: WCS Austin 2017

VOD

Have the link to the VOD?

Description

Time

  • Played on: April 28, 2017, 2:19 p.m.
  • Length: 9:21

All games in this series

Show
View Real Time Build Order
Export as new Build Order

Neuro Zerg 

Build Orders: Hatch First, Zergling Baneling 

Get SALT Encoding   

  12  0:01  Drone  
  13  0:12  Overlord  
  13  0:17  Drone  
  14  0:31  Drone x2  
  14  0:34  Drone  
  17  0:52  Hatchery  
  17  0:55  Drone  
  17  0:58  Drone  
  18  1:09  Extractor  
  17  1:13  Spawning Pool  
  17  1:17  Drone  
  17  1:20  Drone  
  18  1:28  Drone  
  19  1:39  Overlord  
  19  1:51  Drone  
  20  2:00  Queen  
  20  2:01  Zergling x2  
  23  2:04  Queen  
  23  2:05  Zergling x2  
  26  2:10  Metabolic Boost  
  26  2:18  Drone x2  
  28  2:30  Baneling Nest  
  28  2:32  Drone x2  
  29  2:40  Queen  
  29  2:42  Overlord  
  31  2:56  Drone x4  
  34  3:10  Hatchery  
  33  3:15  Zergling x6  
  36  3:21  Zergling x4  
  36  3:24  Drone  
  36  3:26  Baneling  
  39  3:28  Drone x2  
  39  3:30  Drone  
  39  3:32  Drone  
  43  3:34  Baneling x2  
  43  3:44  Overlord  
  43  3:45  Overlord  
  42  3:54  Baneling x2  
  42  3:56  Zergling x4  
  44  4:07  Zergling x4  
  44  4:08  Zergling x8  
  49  4:13  Zergling x8  
  53  4:19  Zergling x2  
  53  4:20  Zergling x4  
  53  4:23  Zergling x6  
  46  4:31  Queen  
  46  4:32  Queen  
  46  4:35  Zergling x4  
  49  4:38  Zergling x2  
  49  4:43  Zergling x6  
  48  4:46  Baneling x2  
  48  4:49  Zergling x2  
  48  4:51  Zergling x2  
  46  4:56  Zergling x2  
  46  4:57  Baneling  
  46  5:00  Zergling x2  
  46  5:07  Zergling x6  
  48  5:15  Baneling x2  
  48  5:18  Zergling x8  
  48  5:21  Baneling  
  50  5:22  Baneling  
  50  5:25  Zergling x6  
  49  5:38  Zergling x12  
  49  5:41  Zergling x4  
  47  5:55  Zergling x4  
  41  6:08  Baneling  
  41  6:11  Drone x4  
  43  6:13  Drone x2  
  44  6:18  Baneling x2  
  42  6:27  Zergling x10  
  43  6:36  Roach Warren  
  43  6:38  Drone x2, Evolution Chamber  
  43  6:40  Baneling  
  43  6:47  Baneling x2  
  43  6:50  Zergling x10  
  48  6:58  Zergling x8  
  50  7:08  Drone x5  
  55  7:15  Baneling  
  52  7:20  Zergling x8  
  53  7:23  Zergling x2  
  51  7:32  Zergling x4  
  53  7:37  Zergling x6  
  53  7:38  Zergling x4  
  47  7:44  Spine Crawler  
  47  7:46  Queen  
  47  7:47  Zergling x4  
  42  7:54  Zergling x2  
  42  7:57  Zergling x4  
  44  8:00  Zergling x4  
  42  8:06  Zergling x8  
  43  8:13  Zergling x4  
  43  8:19  Baneling x3  
  33  8:32  Drone x2  
  28  8:39  Zergling x2  
  27  8:53  Zergling x6  
Show
View Real Time Build Order
Export as new Build Order

Nistic Zerg - Winner!

Build Orders: Hatch First 

Get SALT Encoding   

  12  0:01  Drone  
  13  0:08  Drone  
  14  0:17  Overlord  
  14  0:26  Extractor  
  14  0:27  Drone  
  15  0:36  Drone x2  
  17  0:52  Hatchery  
  16  1:01  Drone  
  17  1:10  Spawning Pool  
  16  1:12  Extractor  
  16  1:14  Drone  
  16  1:17  Drone  
  17  1:22  Drone  
  18  1:27  Drone  
  19  1:40  Overlord  
  19  1:49  Drone  
  20  1:56  Queen  
  22  2:07  Hatchery  
  21  2:13  Metabolic Boost  
  21  2:16  Zergling x2  
  21  2:18  Drone  
  23  2:29  Queen  
  25  2:31  Drone  
  25  2:34  Drone  
  27  2:38  Drone  
  28  2:45  Baneling Nest  
  28  2:47  Drone  
  28  2:50  Drone  
  29  2:56  Drone x2  
  31  3:00  Zergling x2  
  31  3:02  Zergling x2  
  34  3:05  Zergling x2  
  34  3:12  Overlord  
  34  3:15  Zergling x4  
  36  3:20  Zergling x4  
  38  3:29  Baneling  
  38  3:30  Baneling  
  38  3:33  Zergling x2  
  38  3:34  Zergling x6  
  42  3:41  Zergling x6  
  42  3:42  Zergling x2  
  42  3:43  Zergling x2  
  42  3:45  Zergling x2  
  42  3:47  Zergling x2  
  48  3:55  Zergling x6  
  50  3:59  Baneling x2  
  48  4:17  Zergling x2  
  48  4:18  Zergling x2  
  46  4:25  Zergling x4  
  46  4:26  Zergling x4  
  49  4:33  Zergling x4  
  49  4:34  Zergling x4  
  48  4:42  Zergling x6  
  48  4:43  Zergling x2  
  48  4:52  Zergling x8  
  49  4:57  Queen  
  50  5:06  Overlord x2  
  50  5:10  Baneling  
  50  5:11  Baneling  
  50  5:14  Queen  
  48  5:26  Zergling x2  
  48  5:27  Zergling x10  
  52  5:30  Zergling x8  
  53  5:38  Zergling x2  
  53  5:40  Baneling x3  
  53  5:42  Zergling x4  
  55  5:48  Zergling x2  
  52  5:50  Baneling  
  48  6:13  Zergling x4  
  49  6:20  Zergling x10  
  54  6:32  Zergling x6  
  55  6:34  Zergling x4  
  55  6:36  Zergling x2  
  57  6:40  Baneling x3  
  57  6:41  Baneling x2  
  55  6:49  Zergling x6  
  58  6:57  Zergling x2  
  53  7:05  Zergling x6  
  55  7:10  Zergling x2  
  55  7:11  Zergling x6  
  58  7:15  Zergling x2  
  58  7:16  Zergling x2  
  58  7:20  Lair, Roach Warren  
  58  7:22  Drone  
  53  7:42  Zergling x10  
  58  7:46  Zergling x6  
  58  7:51  Zergling x2  
  58  7:52  Zergling x4  
  58  7:54  Zergling x2  
  58  7:57  Zergling x2  
  60  8:00  Baneling x3  
  56  8:10  Baneling x2  
  49  8:21  Zergling x10  
  49  8:22  Zergling x2  
  50  8:32  Baneling x2  
  50  8:33  Zergling x6  
  49  8:45  Baneling x2  
  49  8:46  Baneling  
  44  9:01  Zergling x6  
Tags
 
Add a new tag
Caveats
  • Supply blocks, unpowered buildings, or Contaminate may cause inaccurate times.
  • Supply counts are checked every 10 seconds.